Map: Terminal Paladino LE

Players

Teer

  • Race: Terran Terran
  • League: Platinum
  • Spawn Location: 5:00

efelinto - Winner!

  • Race: Protoss Protoss
  • Spawn Location: 9:00

VOD

Have the link to the VOD?

Description

Time

  • Played on: April 8, 2017, 1:53 p.m.
  • Length: 14:05
Show
View Real Time Build Order
Export as new Build Order

Teer Terran 

Build Orders: MMM Bio 

Get SALT Encoding   

  12  0:01  SCV  
  13  0:13  SCV  
  14  0:18  Supply Depot  
  14  0:25  SCV  
  15  0:40  SCV  
  15  0:41  Barracks  
  16  0:48  Refinery  
  16  0:52  SCV  
  17  1:04  SCV  
  18  1:16  SCV  
  19  1:27  Barracks  
  19  1:28  SCV  
  19  1:29  Supply Depot  
  20  1:42  Reaper  
  20  1:44  Orbital Command  
  21  2:14  Command Center  
  21  2:17  SCV  
  22  2:31  Barracks Tech Lab  
  22  2:33  Barracks Tech Lab  
  22  2:34  Barracks  
  21  2:59  Supply Depot  
  21  3:01  Marauder x2  
  21  3:04  Engineering Bay  
  25  3:09  Stimpack  
  25  3:12  SCV  
  26  3:16  Refinery  
  26  3:24  SCV  
  27  3:33  Barracks Reactor  
  27  3:34  Marine x2  
  27  3:37  SCV  
  30  3:46  Missile Turret  
  30  3:53  Factory  
  30  4:02  SCV  
  31  4:03  Missile Turret  
  31  4:09  Orbital Command  
  31  4:12  Marine  
  31  4:15  Marine  
  31  4:16  Missile Turret  
  33  4:21  SCV  
  34  4:32  Marine x3  
  34  4:33  Marine, SCV  
  34  4:37  Supply Depot  
  39  4:41  Combat Shields  
  39  4:43  Factory Tech Lab  
  39  4:56  Engineering Bay  
  39  5:00  Starport  
  39  5:07  Supply Depot  
  39  5:08  SCV  
  39  5:09  SCV, Concussive Shells  
  39  5:13  Marine  
  42  5:14  Marine  
  42  5:18  Marauder  
  42  5:20  Marine  
  46  5:29  Missile Turret  
  46  5:34  Supply Depot  
  46  5:43  Marine x3  
  46  5:44  Marine  
  46  5:47  SCV x2  
  52  5:51  Refinery  
  52  5:56  Refinery  
  52  5:57  Supply Depot  
  52  5:59  SCV x2  
  52  6:02  Starport Reactor  
  54  6:07  Siege Tank  
  57  6:13  Terran Infantry Weapons Level 1  
  57  6:14  Terran Infantry Armor Level 1  
  57  6:22  Marauder x2  
  57  6:24  SCV  
  62  6:26  SCV  
  63  6:37  Supply Depot  
  63  6:38  SCV x2  
  63  6:39  Siege Tank  
  68  6:49  Marauder x2, Marine x2  
  74  7:00  Missile Turret  
  74  7:07  Medivac  
  74  7:08  Medivac  
  78  7:09  SCV x2  
  78  7:11  Siege Tank  
  78  7:15  Supply Depot  
  83  7:23  Supply Depot  
  83  7:28  Liberator x2  
  83  7:44  Barracks  
  89  8:01  Siege Tank  
  89  8:02  SCV x2  
  94  8:06  Marauder  
  94  8:07  Marauder, Marine x2  
  94  8:11  Liberator  
  100  8:13  Supply Depot  
  100  8:20  Armory  
  100  8:28  Medivac  
  100  8:33  Barracks  
  105  8:35  Supply Depot, Fusion Core  
  105  8:37  Barracks Tech Lab  
  105  10:10  Liberator  
  97  10:22  Barracks Tech Lab  
  100  10:31  Ghost Academy  
  100  10:34  Starport  
  100  10:37  Marauder, Marine x3  
  100  10:38  Command Center, Marauder  
  108  10:42  SCV  
  108  10:43  SCV  
  109  10:51  Medivac  
  109  10:55  SCV x2, Terran Vehicle Weapons Level 1  
  109  10:56  Terran Infantry Weapons Level 2  
  109  10:57  Terran Infantry Armor Level 2  
  113  11:02  Marine x2  
  119  11:07  Ghost x3  
  119  11:08  Ghost  
  123  11:14  Starport Tech Lab  
  123  11:22  Supply Depot, Personal Cloaking  
  123  11:23  Armory  
  123  12:48  Nuke  
  123  12:55  Ghost x4  
  123  12:57  Marine x2  
  89  13:14  Marine  
  89  13:15  Marine  
  64  13:24  Marauder x3  
  64  13:25  Marauder  
  62  13:32  Marine x2  
  62  13:45  Marine  
Show
View Real Time Build Order
Export as new Build Order

efelinto Protoss - Winner!

Build Orders: 1 Gate Expand 

Get SALT Encoding   

  12  0:03  Probe (Chrono Boost)  
  13  0:13  Probe (Chrono Boost)  
  14  0:20  Pylon  
  14  0:24  Probe (Chrono Boost)  
  15  0:38  Probe (Chrono Boost)  
  15  0:41  Gateway  
  16  0:49  Probe (Chrono Boost)  
  17  0:54  Assimilator  
  17  1:02  Probe (Chrono Boost)  
  18  1:16  Probe (Chrono Boost)  
  19  1:27  Probe (Chrono Boost)  
  20  1:38  Probe (Chrono Boost)  
  21  1:43  Nexus  
  21  1:47  Cybernetics Core  
  21  2:00  Probe (Chrono Boost)  
  22  2:10  Warp Gate  
  22  2:11  Probe (Chrono Boost)  
  22  2:13  Assimilator  
  23  2:28  Pylon  
  23  2:34  Pylon  
  23  2:49  Mothership Core (Chrono Boost)  
  23  3:06  Probe (Chrono Boost)  
  23  3:09  Probe (Chrono Boost)  
  25  3:17  Probe (Chrono Boost)  
  27  3:21  Probe (Chrono Boost), Stargate  
  27  3:25  Gateway  
  27  3:27  Gateway  
  27  3:30  Gateway  
  27  3:31  Probe (Chrono Boost)  
  28  3:40  Probe (Chrono Boost)  
  29  3:42  Probe (Chrono Boost)  
  30  3:52  Probe x2 (Chrono Boost)  
  30  3:54  Pylon  
  33  4:03  Probe x2 (Chrono Boost)  
  34  4:14  Probe (Chrono Boost)  
  34  4:16  Adept  
  37  4:20  Sentry  
  39  4:24  Probe x2 (Chrono Boost)  
  39  4:26  Assimilator  
  39  4:30  Oracle  
  44  4:44  Sentry, Adept  
  48  4:46  Stalker  
  50  4:54  Probe x2 (Chrono Boost)  
  50  4:55  Assimilator  
  52  5:02  Twilight Council  
  52  5:05  Probe x2 (Chrono Boost)  
  54  5:15  Probe x2 (Chrono Boost)  
  56  5:26  Probe x2 (Chrono Boost)  
  56  5:27  Nexus  
  58  5:28  Gateway  
  58  5:41  Probe x2 (Chrono Boost)  
  60  5:48  Gateway x2  
  60  5:55  Gateway  
  60  6:03  Stalker  
  62  6:04  Charge  
  62  6:08  Pylon  
  62  6:12  Pylon  
  62  6:14  Pylon  
  62  6:16  Pylon  
  62  6:18  Pylon  
  62  6:24  Pylon  
  62  6:32  Zealot x3  
  68  6:33  Zealot  
  70  6:46  Probe x2 (Chrono Boost)  
  73  6:47  Probe (Chrono Boost)  
  73  6:56  Probe (Chrono Boost)  
  73  6:57  Probe (Chrono Boost)  
  73  6:59  Probe (Chrono Boost)  
  76  7:02  Zealot x4  
  76  7:03  Zealot x2  
  88  7:18  Templar Archives  
  88  7:20  Stalker  
  90  7:23  Zealot x2  
  90  7:24  Zealot x2  
  90  7:25  Zealot  
  100  7:38  Pylon  
  100  7:41  Pylon  
  100  7:43  Pylon  
  100  7:46  Probe (Chrono Boost)  
  101  7:53  Assimilator  
  101  7:56  Assimilator, High Templar x4  
  101  7:57  High Templar x3  
  115  8:02  Archon x3  
  115  8:22  Gateway  
  115  8:25  Probe x2 (Chrono Boost)  
  115  8:26  Probe (Chrono Boost)  
  118  8:37  High Templar  
  118  8:38  High Templar x2  
  118  8:39  High Templar x2  
  128  8:50  Zealot x2  
  128  8:52  Archon  
  132  9:13  Oracle  
  122  9:27  Zealot x5  
  122  9:28  Zealot  
  131  9:45  Archon  
  131  9:46  Archon  
  131  9:49  Probe (Chrono Boost)  
  131  9:50  Probe x2 (Chrono Boost)  
  131  9:52  Pylon  
  137  9:55  Phoenix  
  136  10:02  Stalker  
  136  10:03  Probe (Chrono Boost), Stalker  
  136  10:04  Stalker  
  136  10:05  Stalker  
  136  10:06  Stalker x2  
  136  10:07  Stalker x2  
  147  10:08  Stalker  
  139  10:17  Phoenix  
  139  10:21  Probe x2 (Chrono Boost)  
  141  10:22  Probe (Chrono Boost)  
  141  10:26  Zealot  
  141  10:27  Zealot x2  
  141  10:28  Zealot  
  149  10:29  Zealot  
  149  10:30  Zealot x3  
  157  10:41  Pylon  
  157  10:43  Pylon  
  157  10:46  Pylon  
  157  10:54  Phoenix  
  157  11:03  Pylon  
  157  11:05  Pylon  
  157  11:06  Pylon  
  157  11:08  Pylon  
  157  11:15  Phoenix  
  157  11:21  High Templar  
  157  11:22  High Templar x3  
  167  11:33  Pylon  
  167  11:37  Phoenix  
  167  11:38  Pylon  
  167  11:39  Probe (Chrono Boost)  
  170  11:40  Probe (Chrono Boost)  
  170  11:41  Probe (Chrono Boost)  
  170  11:42  Pylon  
  172  11:50  Probe (Chrono Boost)  
  172  11:53  Probe (Chrono Boost)  
  174  11:57  Nexus  
  174  11:59  Phoenix  
  174  12:02  Archon  
  174  12:06  High Templar  
  174  12:07  Zealot x2  
  182  12:08  Zealot x3  
  182  12:09  Zealot  
  190  12:21  Phoenix  
  190  12:29  Zealot x4  
  198  12:30  Zealot  
  198  12:33  Archon  
  197  12:54  Zealot  
  159  13:18  Zealot  
  159  13:19  Zealot x7  
  155  13:20  Zealot  
  147  13:42  Zealot x7  
  147  13:43  Zealot x2  
  161  13:51  Probe x3 (Chrono Boost)  
  161  13:52  Probe (Chrono Boost)  
Tags
 
Composition
MMM Bio
League
Platinum
Matchup
PvT
Spawn Locations
Cross Positions
Add a new tag
Caveats
  • Supply blocks, unpowered buildings, or Contaminate may cause inaccurate times.
  • Supply counts are checked every 10 seconds.